Map: Shrines of Lizul

Players

Subwaymaker - Winner!

  • Race: Protoss Protoss
  • League: Gold
  • Spawn Location: 12:00

Mesrob - Winner!

  • Race: Terran Terran
  • League: Platinum
  • Spawn Location: 3:00

Shnapple

  • Race: Terran Terran
  • League: Silver
  • Spawn Location: 6:00

TheArchitect

  • Race: Protoss Protoss
  • League: Silver
  • Spawn Location: 9:00

VOD

Have the link to the VOD?

Description

Time

  • Played on: March 17, 2019, 10:21 p.m.
  • Length: 16:38
Show
View Real Time Build Order
Export as new Build Order

Subwaymaker Protoss - Winner!

Build Orders: Archon Immortal 

Get SALT Encoding   

  12  0:01  Probe  
  13  0:13  Probe  
  14  0:20  Pylon  
  14  0:25  Probe  
  15  0:37  Probe  
  15  0:42  Gateway  
  16  0:45  Probe  
  17  0:53  Probe  
  17  0:57  Assimilator  
  18  1:04  Probe  
  19  1:15  Pylon  
  19  1:26  Gateway  
  19  1:31  Cybernetics Core  
  19  1:36  Probe  
  19  1:37  Assimilator  
  20  1:44  Probe  
  20  1:53  Probe  
  22  2:09  Adept  
  22  2:13  Adept  
  26  2:17  Warp Gate  
  26  2:28  Nexus  
  26  2:33  Probe  
  27  2:39  Pylon  
  27  2:45  Probe  
  27  2:47  Stalker  
  30  2:57  Sentry  
  32  3:03  Gateway  
  32  3:10  Gateway  
  32  3:17  Probe  
  33  3:29  Probe  
  30  4:03  Probe  
  30  4:04  Probe  
  32  4:10  Twilight Council  
  32  4:13  Pylon  
  32  4:15  Probe  
  32  4:16  Probe  
  34  4:18  Shield Battery  
  34  4:19  Stalker x2  
  34  4:21  Forge, Sentry x2  
  42  4:24  Probe x2  
  44  4:32  Probe  
  45  4:38  Shield Battery  
  45  4:43  Zealot x2  
  49  4:47  Zealot  
  49  4:51  Zealot  
  53  5:04  Robotics Facility  
  53  5:06  Charge, Probe x2, Robotics Facility  
  55  5:14  Probe  
  55  5:19  Pylon  
  56  5:23  Assimilator  
  56  5:25  Assimilator  
  56  5:33  Zealot x3  
  62  5:43  Pylon  
  62  5:48  Templar Archives  
  62  5:49  Probe x2  
  64  5:58  Immortal  
  64  6:01  Probe  
  69  6:08  Immortal  
  73  6:17  Stalker  
  73  6:18  Stalker  
  69  6:26  Pylon  
  69  6:32  Shield Battery  
  69  6:45  Immortal  
  73  6:51  Photon Cannon  
  73  7:01  Photon Cannon  
  73  7:05  Photon Cannon  
  72  7:23  Stalker x2  
  72  7:25  Stalker  
  76  7:42  High Templar  
  78  7:46  Immortal  
  82  7:53  Immortal  
  86  8:05  Pylon  
  86  8:15  Pylon  
  86  8:19  Probe x2  
  88  8:27  Probe  
  88  8:28  Probe  
  90  8:35  Probe  
  90  8:36  Probe  
  90  8:41  High Templar x4  
  94  8:44  Probe x2  
  101  8:50  Gateway x2  
  101  8:53  Gateway  
  102  8:59  Archon x2  
  102  9:06  Pylon  
  102  9:08  Gateway  
  102  9:13  Blink  
  103  9:24  Probe  
  103  9:36  Stalker x3  
  95  10:07  Stalker x5  
  95  10:08  Stalker x3  
  89  10:36  Stalker  
  89  10:37  Stalker x5  
  61  11:01  Stalker x4  
  57  11:06  Stalker  
  59  11:19  Stalker x2  
  63  11:36  Stalker  
  63  11:37  Stalker x5  
  75  11:44  High Templar x2  
  79  11:57  High Templar  
  79  11:58  High Templar  
  83  12:06  Archon  
  83  12:10  Archon  
  83  12:27  Stalker x4  
  83  12:28  Stalker x2  
  73  12:48  Zealot x2  
  61  13:03  Stalker x4  
  59  13:14  Zealot x2  
  63  13:20  Probe x2  
  55  14:17  Stalker  
  55  14:18  Stalker x7  
  67  14:41  Nexus  
  61  14:47  Stalker  
  61  14:50  Stalker  
  63  14:54  Stalker  
  63  14:55  Stalker x2  
  55  16:00  Stalker  
  55  16:01  Stalker x7  
  71  16:27  Stalker x2  
Show
View Real Time Build Order
Export as new Build Order

Mesrob Terran - Winner!

Build Orders: Mech 

Get SALT Encoding   

  12  0:01  SCV  
  13  0:13  SCV  
  14  0:18  Supply Depot  
  14  0:25  SCV  
  15  0:40  SCV  
  15  0:41  Barracks  
  16  0:50  Refinery  
  16  0:52  SCV  
  17  1:04  SCV  
  18  1:16  SCV  
  19  1:29  Orbital Command  
  19  1:40  Command Center  
  19  1:42  Marine  
  20  1:57  Factory  
  20  1:58  SCV  
  21  2:04  Barracks Tech Lab  
  21  2:10  Refinery  
  21  2:13  Supply Depot  
  21  2:15  SCV  
  22  2:27  SCV  
  23  2:39  SCV  
  24  2:45  Engineering Bay  
  24  2:50  Siege Tank  
  28  2:51  SCV  
  28  3:03  SCV  
  29  3:06  Supply Depot  
  29  3:09  Orbital Command  
  29  3:15  SCV  
  30  3:22  Supply Depot, Siege Tank  
  33  3:29  Supply Depot  
  33  3:32  Missile Turret  
  33  3:48  Missile Turret  
  33  3:51  Supply Depot  
  33  3:52  Factory  
  33  3:54  Siege Tank  
  36  4:05  Refinery, SCV  
  36  4:07  SCV  
  38  4:12  Armory  
  38  4:17  SCV  
  38  4:21  Supply Depot  
  39  4:32  Siege Tank  
  42  4:43  Factory Reactor  
  42  4:53  SCV  
  42  4:54  Refinery, SCV  
  42  4:57  Command Center  
  44  5:10  Supply Depot  
  44  5:17  Thor  
  52  5:28  Hellbat  
  52  5:29  Factory  
  52  5:31  Hellbat  
  52  5:35  SCV  
  55  5:36  SCV  
  56  5:47  SCV  
  56  5:48  SCV  
  58  5:59  Hellbat x2, Thor  
  68  6:05  Supply Depot  
  68  6:22  Factory Reactor  
  68  6:25  Armory  
  68  6:31  Sensor Tower  
  67  6:34  Terran Vehicle Weapons Level 1  
  67  6:41  SCV x3  
  70  6:48  Refinery  
  70  6:53  SCV x3  
  70  7:05  SCV  
  71  7:12  Refinery  
  71  7:26  Missile Turret  
  71  7:33  SCV  
  72  7:40  Missile Turret  
  72  7:43  Missile Turret  
  72  7:45  SCV  
  72  7:48  Orbital Command  
  73  7:57  SCV  
  74  8:05  Supply Depot  
  74  8:06  Missile Turret x2  
  74  8:09  SCV  
  75  8:16  Command Center  
  75  8:19  SCV  
  77  8:20  SCV  
  77  8:21  SCV  
  78  8:28  Supply Depot  
  78  8:30  Thor  
  78  8:33  Hellbat  
  86  8:38  Terran Vehicle And Ship Armor Level 1  
  86  8:40  Terran Vehicle Weapons Level 2  
  86  8:49  Factory  
  86  8:50  Supply Depot  
  86  9:13  Hellbat x4, Thor  
  100  9:25  Supply Depot  
  99  9:51  Supply Depot  
  99  10:10  Factory Tech Lab  
  99  10:12  Factory  
  99  10:18  Supply Depot  
  78  10:38  Thor  
  78  10:39  Thor  
  78  10:42  Hellbat x3  
  80  10:43  Supply Depot  
  75  10:56  Planetary Fortress  
  75  11:02  Factory Tech Lab  
  75  11:08  Supply Depot  
  75  11:09  Hellbat x4  
  75  11:10  Factory  
  83  11:17  Factory  
  83  11:19  Factory  
  83  11:21  Thor  
  83  11:31  Starport x2  
  83  11:45  Missile Turret  
  83  11:48  SCV x3  
  83  11:50  Refinery  
  86  12:00  SCV x3  
  86  12:01  Thor x2  
  100  12:09  Missile Turret  
  100  12:12  Starport x2, SCV  
  100  12:13  SCV x2  
  102  12:24  SCV  
  102  12:25  SCV  
  102  12:29  Factory Tech Lab x3  
  104  12:30  Thor  
  104  12:31  Missile Turret  
  105  12:53  Missile Turret  
  105  13:16  Thor  
  105  13:17  Thor x2  
  105  13:19  Hellbat x6  
  118  14:11  Thor x3  
  118  14:13  Hellbat x4  
  118  14:14  Hellbat  
  115  14:40  Thor  
  119  14:48  Command Center  
  113  15:27  Thor x2  
  123  15:50  Thor  
  123  15:52  Hellbat x4  
  123  15:55  SCV  
  138  16:04  Starport Reactor x4  
  138  16:07  SCV  
  139  16:14  Refinery  
  139  16:15  Refinery  
  139  16:19  SCV  
Show
View Real Time Build Order
Export as new Build Order

Shnapple Terran 

Build Orders: Banshee Rush 

Get SALT Encoding   

  12  0:01  SCV  
  13  0:13  SCV  
  14  0:25  SCV  
  14  0:26  Supply Depot  
  15  0:39  Refinery  
  15  0:48  SCV  
  16  0:51  Barracks  
  16  0:57  Refinery  
  16  1:00  SCV  
  17  1:12  SCV  
  18  1:24  SCV  
  19  1:36  SCV  
  19  1:39  Factory, Supply Depot  
  20  1:47  Marine  
  20  1:53  SCV  
  22  2:05  Marine, SCV  
  24  2:15  Supply Depot  
  24  2:17  SCV  
  25  2:23  Marine, Factory Tech Lab  
  26  2:31  Starport  
  26  2:38  Orbital Command  
  26  2:42  Marine  
  27  2:54  Supply Depot  
  27  3:09  Siege Tank  
  30  3:13  Starport Tech Lab  
  30  3:42  Siege Tank  
  30  3:43  Marine  
  30  3:46  Banshee  
  30  3:47  Cloaking Field  
  37  3:54  Starport  
  37  4:01  Marine  
  38  4:18  Siege Tank  
  41  4:33  Starport Tech Lab  
  41  4:34  Banshee  
  44  4:40  Supply Depot  
  44  4:43  Supply Depot  
  44  5:05  Command Center  
  44  5:14  Banshee  
  47  5:33  Marine  
  48  5:42  Siege Tank  
  51  5:50  Marine  
  52  6:08  Marine  
  53  6:24  Siege Tank  
  56  6:26  Marine  
  56  6:30  Fusion Core  
  56  6:32  SCV  
  58  6:44  SCV  
  56  6:56  SCV  
  57  7:08  SCV  
  52  7:21  Battlecruiser  
  58  7:26  Supply Depot  
  58  7:32  Refinery  
  58  7:34  Refinery, SCV  
  59  7:43  Siege Tank  
  62  7:46  SCV  
  63  7:55  Supply Depot  
  63  7:57  Supply Depot  
  63  8:00  SCV  
  64  8:13  SCV  
  65  8:24  Battlecruiser  
  65  8:25  SCV  
  72  8:37  SCV  
  72  8:41  Armory  
  73  8:45  Battlecruiser  
  79  8:49  SCV  
  80  8:58  Supply Depot  
  80  9:01  Siege Tank  
  83  9:33  Siege Tank  
  86  9:53  Battlecruiser  
  92  10:02  Command Center  
  61  10:42  Siege Tank  
  55  11:02  Battlecruiser x2  
  67  11:06  Terran Vehicle And Ship Armor Level 1  
  67  11:14  Siege Tank  
  67  11:18  SCV  
  71  11:23  Refinery  
  71  11:30  SCV  
  72  11:42  SCV  
  72  11:43  Armory  
  73  11:54  SCV  
  74  12:06  Battlecruiser  
  80  12:09  Battlecruiser  
  86  12:20  SCV  
  87  12:26  Refinery  
  87  12:30  SCV  
  87  12:32  SCV  
  89  12:43  SCV  
  90  12:45  SCV  
  91  12:55  SCV  
  74  13:07  SCV  
  63  13:19  SCV  
  64  13:20  Battlecruiser  
  64  13:21  Battlecruiser  
  76  13:28  Starport  
  76  13:36  SCV  
  77  13:48  SCV  
  60  14:18  Starport Tech Lab  
  60  14:38  Command Center  
  60  14:43  Battlecruiser x3  
Show
View Real Time Build Order
Export as new Build Order

TheArchitect Protoss 

Build Orders:  

Get SALT Encoding   

  12  0:01  Probe  
  13  0:21  Pylon  
  13  0:24  Probe  
  14  0:44  Forge  
  14  0:49  Probe, Gateway  
  14  0:57  Probe  
  16  1:05  Probe  
  17  1:13  Assimilator  
  17  1:17  Probe  
  18  1:22  Photon Cannon  
  18  1:29  Probe  
  18  1:32  Photon Cannon  
  19  2:02  Nexus  
  19  2:11  Nexus  
  19  2:17  Pylon, Probe  
  20  2:25  Probe  
  21  2:37  Cybernetics Core  
  21  2:47  Photon Cannon  
  21  2:50  Probe  
  22  2:58  Probe  
  23  3:06  Assimilator  
  23  3:08  Probe  
  24  3:22  Photon Cannon  
  21  4:02  Stargate  
  21  4:05  Stargate  
  21  4:12  Probe  
  21  4:13  Stargate  
  22  4:20  Probe  
  22  4:21  Assimilator  
  22  4:26  Assimilator  
  22  4:30  Probe  
  24  4:41  Pylon, Probe  
  24  4:42  Probe  
  26  4:49  Probe  
  26  4:50  Probe  
  26  4:58  Probe x2  
  30  5:08  Probe  
  30  5:10  Probe  
  30  5:11  Oracle  
  30  5:12  Nexus  
  35  5:20  Probe  
  36  5:22  Pylon, Probe  
  37  5:30  Probe  
  37  5:32  Pylon  
  38  5:38  Probe  
  38  5:39  Probe  
  39  5:48  Probe  
  40  5:51  Probe  
  42  6:00  Probe  
  43  6:37  Void Ray x3  
  55  6:47  Stargate  
  55  6:49  Stargate  
  55  6:51  Stargate  
  55  7:11  Pylon  
  52  7:52  Void Ray x6, Robotics Facility  
  76  7:59  Probe  
  76  8:02  Probe  
  78  8:08  Assimilator  
  78  8:11  Assimilator, Probe  
  79  8:14  Probe  
  79  8:16  Pylon  
  80  8:23  Probe  
  80  8:27  Probe  
  82  8:35  Probe  
  82  8:39  Probe  
  84  8:47  Probe  
  85  8:51  Probe  
  85  8:53  Photon Cannon  
  85  8:54  Photon Cannon  
  86  8:56  Photon Cannon  
  86  9:02  Void Ray x3  
  98  9:03  Probe  
  99  9:15  Probe  
  100  9:41  Void Ray  
  100  10:06  Fleet Beacon  
  83  11:42  Pylon  
  83  11:44  Pylon  
  83  11:46  Pylon  
  83  11:48  Pylon  
  83  12:02  Void Ray x2  
  83  12:04  Void Ray x2  
  83  12:05  Void Ray  
  59  12:59  Carrier x2  
  59  13:00  Carrier  
  36  15:09  Probe  
  37  15:18  Nexus  
  37  15:21  Probe  
Tags
 
Add a new tag
Caveats
  • Supply blocks, unpowered buildings, or Contaminate may cause inaccurate times.
  • Supply counts are checked every 10 seconds.